AoeStats
← 落花之情

Arena

504837123Analyzed
4v4 RM · 24d ago on Sep 6, 2026· 44m 24s· 8 players
Game mode
Random Map
Map size
Large (8 player)
Population
200
Speed
Normal
Resources
Standard
Victory
Conquest
Starting age
Dark Age
Ending age
Imperial Age
RankedLock teamsTeams togetherTeam positionsShared explorationLock speedFull tech treeHidden civsTurbo modeCheats
Victory
Defeat
🇨🇳 Vietnamese · China
1611
+16
🇨🇳 Britons · China
1601
+16
🇭🇰 Franks · Hong Kong SAR China
1569
+18
🇨🇳 Tatars · China
1513
+20
🇨🇦 Britons · Canada
1674
-21
🇺🇸 Bulgarians · United States
1599
-17
🇺🇦 Teutons · Ukraine
1577
-16
🇺🇦 Cumans · Ukraine
1564
-16
落花之情
10:02 Feudal Age
8:44 Loom
13:48 Castle Age
11:40 Double-Bit Axe
12:21 Horse Collar
13:01 Town Watch
23:33 Bow Saw
24:04 Fletching
25:14 Wheelbarrow
25:33 Bodkin Arrow
25:59 Padded Archer Armor
26:38 Ballistics
27:26 Leather Archer Armor
32:17 Imperial Age
31:31 Hand Cart
31:12 Stone Mining
31:12 Gold Mining
33:08 Yeomen
33:00 Bracer
34:03 Chemistry
33:29 Conscription
32:52 Elite Longbowman
35:17 Ring Archer Armor
34:53 Sappers
35:55 Scale Mail Armor
36:05 Forging
36:50 Gold Shaft Mining
36:56 Coinage
35:59 Pikeman
37:13 Chain Mail Armor
36:31 Halberdier
37:11 Squires
38:12 Banking
38:44 Iron Casting
39:14 Two-Man Saw
39:02 Guilds
40:45 Plate Mail Armor
41:16 Blast Furnace
BiliBili风间
10:27 Feudal Age
14:14 Castle Age
12:29 Double-Bit Axe
15:33 Horse Collar
18:45 Loom
19:37 Town Watch
20:29 Wheelbarrow
22:56 Fletching
23:33 Gold Mining
23:16 Elite Skirmisher
23:59 Padded Archer Armor
25:57 Bodkin Arrow
26:26 Ballistics
28:10 Leather Archer Armor
29:34 Hand Cart
33:59 Imperial Age
32:11 Crossbowman
32:57 Thumb Ring
33:17 Hand Cart
33:19 Bow Saw
34:05 Arbalester
35:57 Chemistry
36:30 Bracer
38:05 Ring Archer Armor
37:35 Scale Mail Armor
37:46 Forging
38:07 Heavy Plow
39:11 Two-Man Saw
37:45 Pikeman
38:25 Squires
39:14 Halberdier
40:43 Chain Mail Armor
41:03 Iron Casting
42:18 Plate Mail Armor
42:06 Siege Engineers
42:53 Imperial Skirmisher
44:33 Paper Money
43:59 Heavy Cavalry Archer
大庆Song
4:41 Loom
12:14 Feudal Age
13:34 Wheelbarrow
13:37 Double-Bit Axe
16:28 Castle Age
14:46 Gold Mining
19:57 Hand Cart
19:52 Scale Barding Armor
19:49 Husbandry
23:13 Bow Saw
24:04 Forging
27:54 Fletching
44:11 Hand Cart
45:12 Gold Shaft Mining
45:04 Squires
啦啦啦啦啦啦
11:00 Feudal Age
11:53 Double-Bit Axe
12:13 Horse Collar
15:04 Castle Age
16:19 Bow Saw
17:35 Heavy Plow
21:34 Loom
23:25 Wheelbarrow
24:34 Town Watch
26:16 Hand Cart
29:42 Imperial Age
28:29 Forging
28:25 Scale Barding Armor
28:32 Bloodlines
28:22 Husbandry
29:53 Iron Casting
30:33 Chain Barding Armor
29:45 Elite Steppe Lancer
31:57 Gold Mining
32:59 Plate Barding Armor
33:22 Silk Armor
35:02 Blast Furnace
36:29 Heavy Camel Rider
[hkbb] Munzo__
10:38 Feudal Age
14:24 Castle Age
12:25 Double-Bit Axe
12:48 Horse Collar
13:39 Loom
15:22 Bow Saw
16:07 Fletching
20:43 Bodkin Arrow
28:59 Wheelbarrow
32:07 Padded Archer Armor
35:39 Imperial Age
33:17 Gold Mining
33:33 Squires
33:42 Town Watch
34:03 Heavy Plow
34:37 Fortified Wall
34:01 Pikeman
35:21 Hand Cart
35:34 Ballistics
36:21 Bracer
36:30 Scale Mail Armor
37:22 Chain Mail Armor
37:18 Forging
boo
10:11 Feudal Age
10:51 Double-Bit Axe
15:00 Castle Age
21:57 Bow Saw
22:26 Loom
22:43 Horse Collar
24:06 Stone Mining
25:04 Wheelbarrow
25:11 Heavy Plow
26:09 Stone Shaft Mining
27:37 Hand Cart
30:59 Imperial Age
28:51 Bloodlines
29:11 Stirrups
29:22 Scale Barding Armor
29:28 Forging
29:16 Gold Mining
30:14 Chain Barding Armor
30:19 Husbandry
30:56 Iron Casting
31:51 Gold Shaft Mining
31:15 Cavalier
32:32 Plate Barding Armor
32:58 Blast Furnace
32:52 Conscription
35:56 Fletching
36:43 Crop Rotation
38:03 Bodkin Arrow
39:15 Town Watch
39:57 Pikeman
40:38 Squires
40:39 Scale Mail Armor
41:20 Chain Mail Armor
42:08 Halberdier
43:19 Plate Mail Armor
42:45 Gambesons
43:01 Gambesons
43:25 Halberdier
Sasha_Kive
10:37 Feudal Age
14:25 Castle Age
12:37 Double-Bit Axe
13:26 Horse Collar
16:52 Gold Mining
17:27 Man-at-Arms
19:24 Long Swordsman
20:32 Squires
20:18 Gambesons
21:35 Wheelbarrow
21:15 Scale Mail Armor
24:23 Arson
24:50 Forging
24:55 Chain Mail Armor
24:36 Pikeman
25:27 Loom
26:49 Iron Casting
28:57 Bow Saw
30:26 Hand Cart
29:58 Town Watch
33:20 Imperial Age
32:53 Heavy Plow
33:24 Two-Handed Swordsman
34:35 Plate Mail Armor
35:55 Blast Furnace
35:40 Conscription
36:18 Champion
36:56 Stone Mining
37:29 Fletching
37:52 Masonry
38:03 Ballistics
38:50 Bodkin Arrow
Vanchella
8:50 Feudal Age
9:56 Double-Bit Axe
12:10 Horse Collar
14:26 Wheelbarrow
19:46 Castle Age
19:55 Capped Ram
21:01 Hand Cart
20:59 Bow Saw
20:51 Heavy Plow
22:23 Hand Cart
24:24 Bloodlines
24:21 Scale Barding Armor
24:26 Forging
24:48 Bloodlines
27:45 Chain Barding Armor
27:25 Scale Mail Armor
27:46 Chain Barding Armor
28:53 Iron Casting
35:42 Loom
41:26 Imperial Age
40:36 Fletching
42:01 Bodkin Arrow
41:30 Cavalier
41:31 Light Cavalry
43:35 Conscription
44:20 Plate Barding Armor
45:15 Blast Furnace
43:41 Siege Ram
44:22 Gold Mining
Connection lost

Rejoining the realm…

Still unreachable

The connection could not be restored.

Session expired

The server has moved on; the page needs a fresh start.